 Dungeon Crawl Stone Soup version 0.25.0-1-g7eea58d (webtiles) character file.

Game seed: 16857185489837327700

191 Blackhawk the Chopper (level 5, -1/47 HPs)
             Began as a Minotaur Berserker on June 14, 2020.
             Was a Believer of Trog.
             Succumbed to Sigmund's poison
             ... on level 1 of the Dungeon.
             The game lasted 00:01:14 (799 turns).

Blackhawk the Chopper (Minotaur Berserker)           Turns: 799, Time: 00:01:15

Health: -1/47      AC:  3    Str: 22    XL:     5   Next: 42%
Magic:  4/4        EV:  8    Int:  4    God:    Trog [**....]
Gold:   60         SH: 13    Dex: 10    Spells: 4/4 levels left

rFire    . . .     SeeInvis .   a - +0 hand axe
rCold    . . .     Gourm    .   d - +0 tower shield
rNeg     . . .     Faith    .   b - +0 animal skin
rPois    .         Spirit   .   (helmet restricted)
rElec    .         Reflect  .   j - +0 cloak
rCorr    .         Harm     .   (no gloves)
MR       .....                  (no boots)
Stlth    +.........             (no amulet)
HPRegen  0.15/turn              (no ring)
MPRegen  0.09/turn              (no ring)

@: lethally poisoned (-1 -> -18), berserk cooldown, flying, slowed, very slow
A: retaliatory headbutt, horns 2
a: Berserk, Trog's Hand, Renounce Religion


You were on level 1 of the Dungeon.
You worshipped Trog.
Trog was pleased with you.
You were hungry.

You visited 1 branch of the dungeon, and saw 2 of its levels.

You collected 60 gold pieces.

Inventory:

Hand Weapons
 a - a +0 hand axe (weapon)
Armour
 b - a +0 animal skin (worn)
 d - a +0 tower shield (worn)
 j - a +0 cloak (worn)
Scrolls
 h - a scroll of noise {unknown}
 i - a scroll of identify {unknown}
 k - a scroll of enchant armour {unknown}
 l - a scroll of random uselessness {unknown}
Comestibles
 c - 4 rations
 f - 3 chunks of flesh


   Skills:
 + Level 4.8 Fighting
 + Level 4.8 Axes
 + Level 4.0 Armour
 - Level 2.3 Dodging
 + Level 2.8 Shields


You had 4 spell levels left.
You didn't know any spells.
Your spell library was empty.

Dungeon Overview and Level Annotations

Branches:
Dungeon (2/15)

Altars:

Annotations:
D:2 Jessica


Innate Abilities, Weirdness & Mutations

You reflexively headbutt those who attack you in melee.
You have a pair of horns on your head.


Message History

You feel a strong urge to attack something.
You are no longer berserk.
You are exhausted.
You feel yourself slow down.
You feel sick.
There is a stone staircase leading up here.
* * * LOW HITPOINT WARNING * * *
You feel very sick.
You climb upwards.
* * * LOW HITPOINT WARNING * * *
You feel very sick.
There is a stone staircase leading down here.
It was a potion of flight.
You feel very buoyant.
You fly up into the air.
* * * LOW HITPOINT WARNING * * *
You feel very sick.
It was a potion of magic.
Magic courses through your body.
* * * LOW HITPOINT WARNING * * *
You feel very sick.
You die...

#.#.# #.##.#.###.###.#.#..
#.#.## #.#......#.#........
#....# #..###.#.#.#.#.###..
##.#.# ####.#.........#....
#######.#.# #.###.#.#.###...#
#.....#.#.#######..#.....###....
#.....#............#.###.#......
#............................##.
#.....###...##>@..##.#......####
#.....# #.#.##..####...#..### #
####### #.#....## ##....#######
#.....## ##.........## ######
##..### ##.>.#####.... .....##
#..# ##...## #...##. ......##
#..######...#####.###.. .......#
##.##.....#.##......... .......#
###................#####


There were no monsters in sight!

Vanquished Creatures
  Sigmund (D:2)
  A dart slug (D:1)
  A leopard gecko (D:1)
  A giant cockroach (D:1)
  6 goblins (D:1)
  2 hobgoblins (D:1)
  2 kobolds (D:1)
  6 bats (D:1)
  2 rats (D:1)
22 creatures vanquished.

Notes
Turn   | Place    | Note
-------+----------+-------------------------------------------
     0 | D:1      | Blackhawk the Minotaur Berserker began the quest for the
                  | Orb.
     0 | D:1      | Reached XP level 1. HP: 19/19 MP: 0/0
   223 | D:1      | Reached XP level 2. HP: 27/27 MP: 1/1
   545 | D:1      | Reached skill level 1 in Shields
   577 | D:1      | Reached ** piety under Trog
   782 | D:2      | Noticed Sigmund
   792 | D:2      | Killed Sigmund
   792 | D:2      | Reached XP level 3. HP: 21/35 MP: 2/2
   792 | D:2      | Reached XP level 4. HP: 25/41 MP: 3/3
   792 | D:2      | Reached XP level 5. HP: 29/47 MP: 4/4
   792 | D:2      | Noticed Jessica
   798 | D:1      | HP: 1/47 [poisoned by Sigmund]
   799 | D:1      | Succumbed to Sigmund's poison

Illustrated notes

Levels and vault maps discovered:
D:1:      roderic_chinese_lattice_arrival, layout_rooms
D:2:      layout_rooms, nicolae_overflow_crystal_walls, lemuel_blue_sif_altar,
          chequers_ecumenical_altar_island, first_ration, uniq_terence,
          uniq_jessica, uniq_sigmund

Skill      XL: |  1  2 |
---------------+-------+-----
Fighting       | 4 |  4.8
Shields        | 2 |  2.8
Axes           | 4 |  4.8
Armour         | 4 |  4.0
Dodging        | |  2.3

Action                   |  1- 3 |  4- 6 || total
-------------------------+-------+-------++-------
Melee: Hand axe          |    56 |       ||    56
       Headbutt          |     6 |       ||     6
Invok: Berserk           |     1 |       ||     1
  Use: Potion            |       |     2 ||     2
Armor: Animal skin       |    14 |       ||    14
Dodge: Dodged            |     9 |       ||     9
Block: Tower shield      |    30 |       ||    30
